 Dungeon Crawl Stone Soup version 0.31-a0-252-gc4385922b5 (webtiles) character file.

Game seed: 11257607879799843416

166 qw the Shooter (level 5, -3/45 HPs)
             Began as a Minotaur Hexslinger on July 12, 2023.
             Slain by a gnoll bouda
             ... wielding a +0 club
              (4 damage)
             ... on level 4 of the Dungeon.
             The game lasted 00:01:05 (2922 turns).

qw the Shooter (Minotaur Hexslinger)                Turns: 2922, Time: 00:01:06

Health: -3/45      AC:  5    Str: 13    XL:     5   Next: 22%
Magic:  5/5        EV: 11    Int: 10    God:
Gold:   38         SH:  0    Dex: 14    Spells: 5/6 levels left

rFire   . . .        Y - +2 sling (drain)
rCold   . . .        (no shield)
rNeg    . . .        j - +0 ring mail
rPois   .            (helmet restricted)
rElec   .            (no cloak)
rCorr   .            (no gloves)
SInv    .            (no boots)
Will    .....        (no amulet)
Stlth   +            (no ring)
HPRegen 0.27/turn    (no ring)
MPRegen 0.09/turn

%: no passive effects
@: about to teleport
A: horns 2, retaliatory headbutt
a: no special abilities


You were on level 4 of the Dungeon.
You visited 1 branch of the dungeon, and saw 4 of its levels.

You collected 38 gold pieces.


Innate Abilities, Weirdness & Mutations

You have a pair of horns on your head.
You reflexively headbutt those who attack you in melee.


   Skills:
 - Level 3.4 Fighting
 + Level 5.0 Ranged Weapons
 - Level 1.2 Armour
 - Level 2.1 Dodging
 - Level 1.0 Spellcasting
 - Level 2.0 Hexes


You had 5 spell levels left.
You knew the following spells:

 Your Spells              Type           Power      Damage    Failure   Level
a - Slow                  Hex            16%        N/A       32%         1

Your spell library contained the following spells:

 Spells                   Type           Power      Damage    Failure   Level
 Inner Flame              Hex/Fire       2%         N/A       82%         3
 Portal Projectile        Hex/Tloc       4%         N/A       82%         3
 Cause Fear               Hex            2%         N/A       97%         4

Inventory:

Hand Weapons
 Y - a +2 sling of draining (weapon)
Armour
 j - a +0 ring mail (worn)
Potions
 a - a potion of attraction {unknown}
 b - a potion of curing
 d - a potion of ambrosia {unknown}
 e - a potion of degeneration {unknown}
 f - a potion of brilliance {unknown}
 g - a potion of enlightenment
 h - a potion of might
 i - a potion of haste {unknown}

Dungeon Overview and Level Annotations

Branches:
Dungeon (4/15)
 Temple: D:4-7

Altars:

Shops:
D:3 [

Annotations:
D:2 exclusion: 9 gnolls


Message History

The hound bites you.
You shoot a sling bullet. The sling bullet hits the hound.
You drain the hound.
The hound is heavily wounded.
The hound bites you but does no damage. The gnoll barely misses you.
The gnoll bouda hits you with a +0 club.
The hound closely misses you.
You shoot a sling bullet. The sling bullet hits the hound.
The hound is almost dead.
The gnoll hits you but does no damage. The hound barely misses you.
You furiously retaliate!
You headbutt the hound.
The gnoll bouda calls upon its god to heal the gnoll.
The gnoll is healed somewhat.
The hound bites you.
The gnoll hits you from afar with a +0 halberd!
The gnoll bouda calls upon its god to heal the gnoll.
The gnoll's wounds heal themselves!
You shoot a sling bullet. The sling bullet hits the hound.
You kill the hound!
The gnoll barely misses you. The gnoll bouda barely misses you.
Your Fighting skill increases to level 3!
You have reached level 5!
You shoot a sling bullet. The sling bullet hits the gnoll bouda.
You drain the gnoll bouda.
The gnoll bouda is moderately wounded.
The gnoll hits you from afar with a +0 halberd!
The gnoll bouda closely misses you. You furiously retaliate!
You headbutt the gnoll bouda.
2920 ||| READING scroll of teleportation.
As you read the scroll of teleportation, it crumbles to dust.
You feel strangely unstable. The gnoll closely misses you.
The gnoll bouda hits you with a +0 club.
You shoot a sling bullet.
The sling bullet closely misses the gnoll bouda.
The gnoll is no longer moving quickly.
The gnoll barely misses you. The gnoll bouda barely misses you.
The gnoll hits you from afar with a +0 halberd.
You shoot a sling bullet.
The sling bullet barely misses the gnoll bouda.
The gnoll bouda hits you with a +0 club.
You die...

.# ... #.### ...#
#.### ##...######
...####g........#
..)..g.@........#
..###).###..###.#
#..#.#....#.#
#..#.#..###.#
............#
##..#.#..###.#
#..#.#..#.#.#
#..###..#.#.#
............##


You could see a gnoll bouda (very drained) and a gnoll (very drained).

Vanquished Creatures
  A hound (D:4)
  6 gnolls
  A worm (D:2)
  A dart slug (D:3)
  An orc (D:3)
  5 ball pythons
  10 endoplasms
  3 giant cockroaches
  12 goblins
  6 hobgoblins
  4 kobolds
  4 quokkas
  5 bats
  7 frilled lizards
  2 rats
68 creatures vanquished.

Notes
Turn   | Place    | Note
-------+----------+-------------------------------------------
     0 | D:1      | qw the Minotaur Hexslinger began the quest for the Orb.
     0 | D:1      | Reached XP level 1. HP: 16/16 MP: 1/1
     0 | D:1      | 0 ||| qw: Version: 0.3-a-52-g30416fa
     0 | D:1      | 0 ||| qw: Game counter: 6625
     0 | D:1      | 0 ||| qw: Melee chars always use a shield: true
     0 | D:1      | 0 ||| qw: God list: Okawaru
     0 | D:1      | 0 ||| qw: Allow faded altars: false
     0 | D:1      | 0 ||| qw: Do Orc after clearing Dungeon:15 true
     0 | D:1      | 0 ||| qw: Do second Lair branch before Depths: true
     0 | D:1      | 0 ||| qw: Lair rune preference: random
     0 | D:1      | 0 ||| qw: Goals: Normal
     0 | D:1      | 0 ||| PLANNING D:1-11
   179 | D:1      | Reached skill level 3 in Ranged Weapons
   180 | D:1      | Reached XP level 2. HP: 14/23 MP: 2/2
   814 | D:1      | Reached XP level 3. HP: 29/29 MP: 3/3
   896 | D:1      | 896 ||| UPGRADING to +0 ring mail.
   906 | D:1      | 906 ||| DROPPING +0 robe.
   907 | D:1      | 907 ||| READING scroll labelled EGOPSOCHUZ.
   911 | D:1      | 911 ||| DRINKING 2 yellow potions.
   912 | D:1      | 912 ||| DROPPING scroll of poison.
  1089 | D:2      | HP: 7/29 [worm (8)]
  1090 | D:2      | HP: 1/29 [worm (6)]
  1228 | D:2      | Reached skill level 4 in Ranged Weapons
  1300 | D:2      | Reached skill level 1 in Armour
  1307 | D:2      | HP: 4/29 [gnoll/+0 halberd (13)]
  1313 | D:2      | Reached XP level 4. HP: 7/36 MP: 4/4
  2169 | D:2      | 2169 ||| READING scroll labelled GITHRE JIKENER.
  2551 | D:3      | Found Olapeoth's Armour Shoppe.
  2559 | D:3      | 2559 ||| SHOPLISTING +0 pair of gloves (63 gold, have 38).
  2615 | D:3      | Reached skill level 5 in Ranged Weapons
  2800 | D:3      | 2800 ||| READING scroll labelled YPIMNIMUA DUGI.
  2801 | D:3      | 2801 ||| DRINKING 2 bubbling amethyst potions.
  2843 | D:3      | 2843 ||| DRINKING 2 bubbling ruby potions.
  2844 | D:3      | 2844 ||| DRINKING 2 fizzy red potions.
  2845 | D:3      | 2845 ||| DROPPING potion of lignification.
  2919 | D:4      | Reached skill level 3 in Fighting
  2919 | D:4      | Reached XP level 5. HP: 15/45 MP: 5/5
  2919 | D:4      | HP: 7/45 [gnoll/+0 halberd[a gnoll bouda] (8)]
  2920 | D:4      | 2920 ||| READING scroll of teleportation.
  2921 | D:4      | HP: 1/45 [gnoll/+0 halberd[a gnoll bouda] (4)]
  2922 | D:4      | Slain by a gnoll bouda

Levels and vault maps discovered:
D:1:      psy_arrival_radial01, layout_basic
D:2:      layout_loops_ring, minmay_quadrilaterals
D:3:      layout_loops_ring, serial_shops, shop
D:4:      layout_rooms, minmay_misc_feat_nine_boxes, uniq_menkaure

Skill      XL: |  1  2  3  4 |
---------------+-------------+-----
Ranged Weapons | 3 4 5 |  5.0
Fighting       | 2 3 |  3.4
Armour         | 1 |  1.2
Dodging        | |  2.1
Spellcasting   | |  1.0
Hexes          | |  2.0

Action                     |  1- 3 |  4- 6 || total
---------------------------+-------+-------++-------
   Fire: Sling             |   127 |    96 ||   223
    Use: Potion            |     1 |     3 ||     4
         Scroll            |     1 |     3 ||     4
 Armour: Robe              |     2 |       ||     2
         Ring mail         |     8 |    13 ||    21
  Dodge: Dodged            |    35 |    36 ||    71

Table legend:
 A = Non-vault XP
 B = Vault XP
 C = Vault XP percentage of total XP
 D = Non-vault monster count
 E = Vault monster count
 F = Vault count percentage of total count
                 A         B        C        D         E       F
            +---------+---------+-------+---------+---------+-------
      Total |     235 |       3 |   1.3 |      66 |       2 |   2.9
            +---------+---------+-------+---------+---------+-------
        D:1 |      42 |       0 |   0.0 |      23 |       0 |   0.0
        D:2 |      92 |       3 |   3.2 |      23 |       2 |   8.0
        D:3 |      26 |       0 |   0.0 |      15 |       0 |   0.0
        D:4 |      75 |       0 |   0.0 |       5 |       0 |   0.0
            +---------+---------+-------+---------+---------+-------
